 Dungeon Crawl Stone Soup version 0.32-a0-163-g159c032296 (webtiles) character file.

Game seed: 8973531643055495620

48 zeratav the Trooper (level 3, -4/39 HPs)
             Began as an Oni Warper on Feb 11, 2024.
             Slain by Crazy Yiuf
             ... wielding a +4 quarterstaff of chaos
              (11 damage)
             ... on level 2 of the Dungeon.
             The game lasted 00:01:40 (1802 turns).

zeratav the Trooper (Oni Warper)                    Turns: 1802, Time: 00:01:41

Health: -4/39      AC:  3    Str: 17    XL:     3   Next: 72%
Magic:  6/6        EV:  9    Int: 14    God:
Gold:   83         SH:  0    Dex:  8    Spells: 6/6 levels left

rFire   . . .        a - +0 mace {mace}
rCold   . . .        (no shield)
rNeg    . . .        b - +0 robe
rPois   .            (helmet restricted)
rElec   .            (no cloak)
rCorr   +            (gloves unavailable)
SInv    .            (boots unavailable)
Will    .....        (no amulet)
Stlth   +            f - ring of flight
HPRegen 0.26/turn    n - ring of resist corrosion
MPRegen 0.10/turn

%: no passive effects
@: flying
A: large, unfitting armour, horns 1, tough skin 1, double potion healing,
drunken brawling
a: no special abilities


You were on level 2 of the Dungeon.
You visited 1 branch of the dungeon, and saw 2 of its levels.

You collected 83 gold pieces.


Innate Abilities, Weirdness & Mutations

You are too large for most types of armour.
You have a pair of small horns on your head.
You have tough skin. (AC +1)
You gain doubled healing and magic from potions.
Whenever you drink a healing potion, you attack all around you.


   Skills:
 + Level 4.1 Fighting
 + Level 3.1 Maces & Flails
 - Level 1.0 Throwing
 - Level 2.1 Dodging
 - Level 2.4 Spellcasting
 - Level 2.6 Translocations


You had 6 spell levels left.
You didn't know any spells.
Your spell library contained the following spells:

 Spells                   Type           Power      Damage    Failure   Level
 Blink                    Tloc           18%        N/A       12%         2
 Lesser Beckoning         Tloc           18%        N/A       12%         2
 Magic Dart               Conj           4%         1d3       22%         1
 Teleport Other           Tloc           9%         N/A       22%         3
 Call Imp                 Summ           2%         N/A       34%         2
 Manifold Assault         Tloc           9%         N/A       58%         4
 Vhi's Electric Charge    Tloc/Air       10%        N/A       78%         4

Inventory:

Hand Weapons
 a - a +0 mace (weapon) {mace}
 j - a +0 short sword of flaming {short}
   (You took it off a kobold on level 1 of the Dungeon)
Missiles
 d - 7 darts of dispersal (quivered) {=fthrowing}
 h - 4 boomerangs {throwing}
 l - 2 poisoned darts {throwing}
Armour
 b - a +0 robe (worn)
Jewellery
 f - a ring of flight (left hand)
   (You found it on level 1 of the Dungeon)
 n - a ring of resist corrosion (right hand)
   (You found it on level 2 of the Dungeon)
Scrolls
 c - 2 scrolls of blinking {!r}
 e - 5 scrolls of teleportation {unknown}
 g - 2 scrolls of identify {unknown}
 i - a scroll of amnesia {unknown}
 p - 2 scrolls of immolation {unknown}
Potions
 k - 2 potions of haste {unknown}
 m - a potion of mutation {unknown}
 o - a potion of heal wounds {unknown}

Dungeon Overview and Level Annotations

Branches:
Dungeon (2/15) Zot: 10171

Altars:

Annotations:
D:2 Crazy Yiuf

###........###....#
..#........# #....#
...........# ♣P.PP♣
...........# ♣).P♣♣
...........# ♣♣)♣♣
####.......# ♣)♣♣
####.......# ♣♣)♣
..##.......# ♣)♣♣
..##.......# ♣♣@♣
..##.......# #g#
..##.......# )))
####.......# #)))#
#.......# #).)#
#.......# #####
#.......#
####.......###
..##.........#


You could see Crazy Yiuf.


Message History

You hit the ribbon worm. You headbutt the ribbon worm.
You kill the ribbon worm!
You see here a ribbon worm corpse.
HP[+1]
You start resting.
HP[+10]
Your hp is fully restored (39).
k - 2 bubbling orange potions (gained 1)
You now have 78 gold pieces (gained 12).
There is a stone staircase leading down here.
There is a stone staircase leading down here.
You reach down and open the door.
There is an open door here.
You reach down and open the door.
There is an open door here.
You reach down and open the door.
There is an open door here.
You reach down and open the door.
Found a stone staircase leading up.
There is an open door here.
You reach down and open the door.
There is an open door here.
c - 2 scrolls of blinking {!r} (gained 1) As you open the door, it creaks loudly!
There is an open door here.
You now have 83 gold pieces (gained 5).
p - 2 scrolls labelled QOHOGU KOUTS
Found a stone staircase leading down.
Found a stone staircase leading up.
You reach down and open the door.
There is an open door here.
You see here a +0 hammer.
Found a runed translucent door.
You see here a +0 hammer.
You see here a +0 hammer.
Crazy Yiuf shouts!
You see here a +0 hammer.
You see here a +0 hammer.
You see here a +0 hammer.
You see here a +0 hammer.
You see here a +0 hammer.
You see here a +0 hammer.
You see here 3 stones {throwing}.
There is a stone staircase leading down here.
A bat comes into view.
A bat is nearby!
The bat hits you but does no damage.
You barely miss the bat. The bat barely misses you. x2
You barely miss the bat. The bat hits you but does no damage. x2
You barely miss the bat. The bat barely misses you. The bat barely misses you.
The bat hits you but does no damage.
You closely miss the bat. The bat hits you but does no damage.
The bat barely misses you.
You hit the bat.
You kill the bat!
No target in view!
No target in view!
No target in view!
No target in view!
No target in view!
No target in view!
No target in view!
No target in view!
No target in view!
No target in view!
No target in view!
No target in view!
No target in view!
No target in view!
No target in view!
No target in view!
No target in view!
No target in view!
As you open the door, it creaks loudly!
There is a stone staircase leading down here.
You see here a bat skeleton.
Things that are here:
a +0 club {mace}; a goblin skeleton You see here a +0 hammer.
You see here a +0 hammer.
You see here a +0 hammer.
You see here a +0 hammer.
Crazy Yiuf shouts!
You see here a +0 hammer.
You reach down and open the door.
You hit Crazy Yiuf.
Crazy Yiuf hits you with a +4 quarterstaff of chaos!
HP[-14]
You take 14 damage, and now have 25/39 hp.
MASSIVE DAMAGE!! (PAUSE)
You hit Crazy Yiuf. Crazy Yiuf closely misses you.
You hit Crazy Yiuf. Your headbutt misses Crazy Yiuf.
Crazy Yiuf hits you with a +4 quarterstaff of chaos!
* * * LOW HITPOINT WARNING * * *
Crazy Yiuf burns you.
* * * LOW HITPOINT WARNING * * *
Crazy Yiuf whimpers, "Papa horse meccalolo!"
Crazy Yiuf hits you with a +4 quarterstaff of chaos!
You die...

Skill      XL: |  1  2  3 |
---------------+----------+-----
Fighting       | 3 4 |  4.1
Maces & Flails | 3 |  3.1
Throwing       | |  1.0
Dodging        | |  2.1
Spellcasting   | |  2.4
Translocations | |  2.6

Action                     || total
---------------------------++-------
  Melee: Mace              ||   104
         Headbutt          ||    22
 Armour: Robe              ||    82
  Dodge: Dodged            ||    50

Levels and vault maps discovered:
D:1:      roderic_chinese_lattice_arrival, layout_basic,
          nicolae_twisty_statue_hallways
D:2:      layout_basic, basic_ecumenical_altar, serial_curves, eino_curves_03,
          eino_curves_04, nrook_mini_backslash, uniq_crazy_yiuf_cottage

Notes
Turn   | Place    | Note
-------+----------+-------------------------------------------
     0 | D:1      | zeratav the Oni Warper began the quest for the Orb.
     0 | D:1      | Reached XP level 1. HP: 22/22 MP: 3/3
     0 | D:1      | magus.rc [v1.9.6]
     7 | D:1      | You pick up a book of Minor Magic and begin reading...
     7 | D:1      | You add the spells Magic Dart and Call Imp to your library.
    50 | D:1      | Reached skill level 3 in Fighting
   137 | D:1      | Reached XP level 2. HP: 31/31 MP: 5/5
   600 | D:1      | Reached XP level 3. HP: 39/39 MP: 6/6
   773 | D:2      | Found a faded altar of an unknown god.
   980 | D:2      | Reached skill level 4 in Fighting
   989 | D:2      | Reached skill level 3 in Maces & Flails
  1543 | D:2      | Found a runed translucent door.
  1544 | D:2      | Noticed Crazy Yiuf
  1802 | D:2      | HP: 7/39 [Crazy Yiuf/+4 quarterstaff of chaos (6)]
  1802 | D:2      | Slain by Crazy Yiuf

Vanquished Creatures
  2 ribbon worms (D:2)
  A dart slug (D:2)
  4 endoplasms
  3 giant cockroaches (D:1)
  4 goblins
  3 hobgoblins
  4 jackals (D:1)
  A quokka (D:2)
  A ball python (D:1)
  7 bats
  2 frilled lizards (D:1)
  4 kobolds (D:1)
  A rat (D:2)
37 creatures vanquished.

Table legend:
 A = Non-vault XP
 B = Vault XP
 C = Vault XP percentage of total XP
 D = Non-vault monster count
 E = Vault monster count
 F = Vault count percentage of total count
                 A         B        C        D         E       F
            +---------+---------+-------+---------+---------+-------
      Total |      69 |       0 |   0.0 |      37 |       0 |   0.0
            +---------+---------+-------+---------+---------+-------
        D:1 |      40 |       0 |   0.0 |      24 |       0 |   0.0
        D:2 |      29 |       0 |   0.0 |      13 |       0 |   0.0
            +---------+---------+-------+---------+---------+-------

Skill      XL: |  1  2  3 |
---------------+----------+-----
Fighting       | 3 4 |  4.1
Maces & Flails | 3 |  3.1
Throwing       | |  1.0
Dodging        | |  2.1
Spellcasting   | |  2.4
Translocations | |  2.6

Action                     || total
---------------------------++-------
  Melee: Mace              ||   104
         Headbutt          ||    22
 Armour: Robe              ||    82
  Dodge: Dodged            ||    50

Illustrated notes

Table legend:
 A = Kills in this place as a percentage of kills in the entire game.
 B = Kills by you in this place as a percentage of kills by you in the entire game.
 C = Kills by friends in this place as a percentage of kills by friends in the entire game.
 D = Other kills in this place as a percentage of other kills in the entire game.
 E = Experience gained in this place as a percentage of experience gained in the entire game.
 F = Experience gained in this place divided by the number of levels of this place that you have seen.
                   A       B       C       D       E      F
               +-------+-------+-------+-------+-------+----------------------
         Total | 100.0 | 100.0 |   N/A |   N/A | 100.0 |  34.5
       Dungeon | 100.0 | 100.0 |   N/A |   N/A | 100.0 |  34.5
               +-------+-------+-------+-------+-------+----------------------

Table legend: (Time is in decaauts)
 A = Elapsed time spent in this place.
 B = Non-inter-level travel time spent in this place.
 C = Inter-level travel time spent in this place.
 D = Time resting spent in this place.
 E = Time spent auto-exploring this place.
 F = Levels seen in this place.
 G = Mean time per level.
                   A        B        C        D        E       F      G
               +--------+--------+--------+--------+--------+-----+--------+
         Total |   1827 |   1807 |     20 |     49 |   1505 |   2 |  913.5 |
       Dungeon |   1827 |   1807 |     20 |     49 |   1505 |   2 |  913.5 |
               +--------+--------+--------+--------+--------+-----+--------+

Top non-repeatable levels by time:
     D:2: 1050 daAuts
     D:1: 776 daAuts
